 Dungeon Crawl Stone Soup version 0.14.0-24-gfb45beb (webtiles) character file.

2453 Kae the Conjurer (level 9, -2/45 HPs)
             Began as a Tengu Fire Elementalist on Apr 24, 2014.
             Was a Believer of Vehumet.
             Slain by Grum
             ... wielding a -2,+0 spear
              (5 damage)
             ... on Level 6 of the Dungeon.
             The game lasted 00:18:59 (7995 turns).

Kae the Conjurer (Tengu Fire Elementalist)          Turns: 7995, Time: 00:18:59

HP  -2/45        AC 10     Str  8      XL: 9   Next: 38%
MP  18/23        EV 12     Int 20      God: Vehumet [**....]
Gold 189         SH  0     Dex 14      Spells:  4 memorised,  8 levels left

rFire  + . .     SeeInvis .     p - +3,+2 short sword (venom)
rCold  + . .     Clarity  .     E - +2 robe {rC+ rF+}
rNeg   + . .     Conserve .     (no shield)
rPois  .         rCorr    +     (helmet restricted)
rElec  .         rRot     .     n - +0 cloak
SustAb . .       Spirit   .     h - +1 pair of gloves
rMut   .         Warding  .     (boots unavailable)
Saprov . . .     Stasis   .     z - amulet of resist corrosion
MR     .....                    D - ring of positive energy
                                r - +3 ring of protection

@: about to teleport, not resistant to hostile enchantments, fairly stealthy
A: able to fly, beak, talons 3
a: Fly, Renounce Religion


You were on level 6 of the Dungeon.
You worshipped Vehumet.
Vehumet was pleased with you.
You were hungry.

You visited 1 branch of the dungeon, and saw 6 of its levels.
You also visited: Sewer.

You collected 189 gold pieces.

Inventory:

Hand weapons
 p - a +3,+2 short sword of venom (weapon)
Missiles
 t - 2 poisoned tomahawks (quivered)
Armour
 a - a +0 robe
 h - a +1 pair of gloves (worn)
 n - a +0 cloak (worn)
 E - a +2 robe of resistance (worn)
Magical devices
 e - a wand of lightning (0)
 w - a wand of frost (14)
 L - a wand of random effects (16) {unknown}
Comestibles
 c - 2 bread rations
 g - a cheese
 j - a rotting chunk of orc flesh
 k - 2 apples
 I - 4 chunks of gnoll flesh
 K - 5 chunks of centaur flesh
Scrolls
 l - 5 scrolls of teleportation
 x - 4 scrolls of remove curse
Jewellery
 i - an uncursed ring of protection from cold
 r - a +3 ring of protection (left hand)
 y - an uncursed ring of sustenance
 z - an amulet of resist corrosion (around neck)
 A - an uncursed ring of protection from fire
 D - a ring of positive energy (right hand)
Potions
 d - 8 potions of curing
 f - a potion of mutation {unknown}
 m - a potion of beneficial mutation {unknown}
 o - a potion of invisibility {unknown}
 q - a potion of haste
 s - 5 potions of flight
 u - 2 potions of magic
 v - a potion of degeneration {unknown}
 G - a potion of restore abilities {unknown}
Books
 b - a book of Flames

   Spells                             Type                      Level
   *Flame Tongue                      Conjuration/Fire             1
   *Throw Flame                       Conjuration/Fire             2
   *Conjure Flame                     Conjuration/Fire             3
   Inner Flame                        Hexes/Fire                   3
   *Sticky Flame                      Conjuration/Fire             4
   Fireball                           Conjuration/Fire             5
 F - a book of Unlife

   Spells                             Type                      Level
   Recall                             Summoning/Translocation      3
   Animate Dead                       Necromancy                   4
   Control Undead                     Necromancy                   4
   Twisted Resurrection               Necromancy                   5
   Death Channel                      Necromancy                   6
   Simulacrum                         Ice/Necromancy               6


   Skills:
 - Level 2.1 Dodging
 - Level 2.0 Stealth
 + Level 5.3 Spellcasting
 * Level 9.7 Conjurations
 * Level 9.4 Fire Magic


You had 8 spell levels left.
You knew the following spells:

 Your Spells              Type           Power        Failure   Level  Hunger
a - Flame Tongue          Conj/Fire      #####        1%          1    None
b - Throw Flame           Conj/Fire      #####.       1%          2    None
c - Conjure Flame         Conj/Fire      #####...     1%          3    ##.....
d - Sticky Flame          Conj/Fire      #####...     2%          4    ####...


Dungeon Overview and Level Annotations

Branches:
Dungeon (6/15)
 Temple: D:4-7

Altars:
Cheibriados
Fedhas
Kikubaaqudgha
Makhleb
Nemelex Xobeh
Trog
Vehumet
Xom
Yredelemnul

Annotations:
D:6 Grum


Innate Abilities, Weirdness & Mutations

You can fly.
You have a beak for a mouth.
You have claws for feet.


Message History

Aiming: Flame Tongue
Press: ? - help, Shift-Dir - straight line, f/p - hound
Aim: a hound (lightly wounded)
The flame tongue hits the hound.
The hound is almost dead.
The hound closely misses you. The hound bites you. The hound bites you.
Grum hits you from afar with a spear. The hound misses you.
The hound bites you but does no damage. Grum hits you from afar with a spear!
* * * LOW HITPOINT WARNING * * *
You are feeling hungry.
Read which item? (? for menu, Esc to quit)
Okay, then.
Read which item? (? for menu, Esc to quit)
As you read the scroll of teleportation, it crumbles to dust.
You feel strangely unstable. The hound bites you.
* * * LOW HITPOINT WARNING * * *
The hound closely misses you. The hound misses you.
Grum hits you from afar with a spear.
You die...

#...##.........
#...........###
####.......(# ##.........#
######## ##..........#
........# ##..........%#
........# ##............#
........###.............###
.........##@................
.........#hh...........(....
..#'''#..hg.................
#. ##....................
#....................
#...............)....
.............%.......
......................
.............≈≈...≈≈≈≈


You could see Grum and 3 hounds.

Vanquished Creatures
  A wolf (D:6)
  Purgy (Sewer)
  An ice beast (D:5)
  3 ogres (D:6)
  Sigmund (D:5)
  Duvessa (D:5)
  A centaur (D:6)
  2 giant frogs
  2 gnoll sergeants
  3 jellies
  6 killer bees (D:4)
  Dowan (D:5)
  A crimson imp (D:5)
  An orc priest (D:5)
  Crazy Yiuf (D:5)
  6 hounds
  4 worker ants
  2 iguanas (D:5)
  2 orc wizards (D:4)
  Ijyb (D:5)
  9 adders
  14 gnolls
  A shadow imp (D:5)
  A worm (D:5)
  A giant mite (D:3)
  5 giant geckos
  An ooze (D:2)
  16 orcs
  8 bats
  A bat skeleton (D:6)
  7 giant cockroaches
  13 goblins
  10 hobgoblins
  6 jackals
  2 quokkas
  5 ball pythons
  11 giant newts
  9 kobolds
  12 rats
173 creatures vanquished.

Notes
Turn   | Place    | Note
--------------------------------------------------------------
     0 | D:1      | Kae, the Tengu Fire Elementalist, began the quest for the Orb.
     0 | D:1      | Reached XP level 1. HP: 10/10 MP: 3/3
   148 | D:1      | Reached XP level 2. HP: 9/15 MP: 0/5
   506 | D:1      | Reached skill level 4 in Fire Magic
   672 | D:1      | Reached XP level 3. HP: 16/19 MP: 2/7
  1024 | D:2      | Found a sparkling altar of Nemelex Xobeh.
  1250 | D:2      | Learned a level 2 spell: Throw Flame
  1254 | D:2      | Learned a level 3 spell: Conjure Flame
  2147 | D:3      | Reached XP level 4. HP: 24/24 MP: 9/9
  2300 | D:3      | Found a glowing drain.
  2332 | Sewer    | Entered a sewer
  2663 | Sewer    | Noticed Purgy
  2679 | Sewer    | Killed Purgy
  2679 | Sewer    | Reached skill level 5 in Fire Magic
  2679 | Sewer    | Reached XP level 5. HP: 23/28 MP: 3/13
  3028 | D:3      | Reached XP level 6. HP: 32/32 MP: 1/15
  3301 | D:3      | Found a bloodstained altar of Trog.
  3301 | D:3      | Found a shimmering altar of Xom.
  3311 | D:3      | Found a burning altar of Makhleb.
  3312 | D:3      | Found a snail-covered altar of Cheibriados.
  3315 | D:3      | Found an ancient bone altar of Kikubaaqudgha.
  3320 | D:3      | Found a blossoming altar of Fedhas.
  3658 | D:4      | Found a radiant altar of Vehumet.
  3664 | D:4      | Became a worshipper of Vehumet
  3735 | D:4      | Learned a level 4 spell: Sticky Flame
  3794 | D:4      | Reached skill level 5 in Conjurations
  3794 | D:4      | Reached skill level 6 in Fire Magic
  3799 | D:4      | Reached XP level 7. HP: 30/36 MP: 1/17
  4601 | D:5      | Entered Level 5 of the Dungeon
  4850 | D:5      | Noticed Crazy Yiuf
  4857 | D:5      | Killed Crazy Yiuf
  4945 | D:5      | Acquired Vehumet's first power
  4945 | D:5      | Offered knowledge of Magic Dart by Vehumet.
  4969 | D:5      | Reached skill level 7 in Fire Magic
  5010 | D:5      | Noticed Sigmund
  5075 | D:5      | Reached XP level 8. HP: 31/41 MP: 3/20
  5219 | D:5      | Noticed Duvessa
  5219 | D:5      | Noticed Dowan
  5235 | D:5      | Killed Dowan
  6094 | D:5      | HP: 1/41 [Sigmund/wand of lightning (20)]
  6098 | D:5      | Killed Sigmund
  6333 | D:5      | Offered knowledge of Sandblast by Vehumet.
  6349 | D:5      | Noticed Ijyb
  6355 | D:5      | Killed Ijyb
  6495 | D:5      | Reached skill level 8 in Fire Magic
  6577 | D:5      | Killed Duvessa
  6778 | D:6      | Found a basalt altar of Yredelemnul.
  6779 | D:6      | Noticed a profane servitor
  6947 | D:5      | Reached XP level 9. HP: 16/45 MP: 16/22
  7162 | D:5      | Reached skill level 5 in Spellcasting
  7246 | D:6      | Reached skill level 9 in Conjurations
  7756 | D:6      | Offered knowledge of Static Discharge by Vehumet.
  7987 | D:6      | Noticed Grum
  7995 | D:6      | Slain by Grum

Action                   |  1- 3 |  4- 6 |  7- 9 || total
-------------------------+-------+-------+-------++-------
Melee: Unarmed           |    22 |       |       ||    22
       Short sword       |     4 |    35 |    41 ||    80
Throw: Tomahawk          |       |       |     1 ||     1
 Cast: Flame Tongue      |    70 |    36 |   148 ||   254
       Throw Flame       |       |    22 |    76 ||    98
       Conjure Flame     |       |     1 |     7 ||     8
       Sticky Flame      |       |       |    10 ||    10
 Abil: Fly               |       |     1 |       ||     1
Evoke: Wand              |       |       |     1 ||     1
  Use: Scroll            |     8 |     5 |    13 ||    26
       Potion            |       |       |     2 ||     2
 Stab: Sleeping          |       |     4 |     2 ||     6
